Map: [ESL] Berlingrad

Players

herO

  • Race: Protoss Protoss

Nice - Winner!

  • Race: Protoss Protoss

Event: IEM Katowice 2022

VOD

Have the link to the VOD?

Description

Time

  • Played on: Feb. 23, 2022, 6:37 a.m.
  • Length: 10:08

All games in this series

Show
View Real Time Build Order
Export as new Build Order

herO Protoss 

Build Orders:  

Get SALT Encoding   

  12  0:00  Probe  
  13  0:12  Probe  
  14  0:17  Pylon  
  14  0:24  Probe (Chrono Boost)  
  16  0:36  Probe (Chrono Boost)  
  16  0:38  Gateway  
  16  0:43  Probe (Chrono Boost)  
  16  0:47  Assimilator  
  17  0:51  Probe  
  18  0:58  Pylon  
  18  1:03  Probe (Chrono Boost)  
  19  1:05  Assimilator  
  19  1:14  Gateway, Probe (Chrono Boost)  
  20  1:19  Probe (Chrono Boost)  
  21  1:25  Cybernetics Core  
  21  1:30  Probe  
  22  1:39  Pylon  
  22  1:42  Probe  
  23  1:57  Probe  
  24  2:02  Warp Gate, Adept x2  
  28  2:13  Pylon  
  28  2:28  Robotics Facility  
  28  2:32  Stalker x2  
  31  2:44  Gateway  
  31  2:59  Pylon, Probe  
  32  3:11  Probe  
  32  3:12  Immortal (Chrono Boost)  
  36  3:41  Warp Prism (Chrono Boost)  
  38  3:50  Sentry x3  
  44  4:02  Nexus  
  44  4:05  Probe  
  43  4:19  Immortal (Chrono Boost)  
  47  4:27  Pylon  
  47  4:43  Phoenix  
  47  4:46  Probe  
  47  4:47  Twilight Council  
  47  4:50  Pylon  
  47  4:51  Observer  
  49  4:58  Probe  
  50  5:10  Probe (Chrono Boost)  
  51  5:14  Stalker x3  
  51  5:17  Probe (Chrono Boost)  
  59  5:22  Probe (Chrono Boost)  
  59  5:27  Probe (Chrono Boost)  
  60  5:30  Probe (Chrono Boost)  
  60  5:32  Blink (Chrono Boost), Probe (Chrono Boost)  
  62  5:41  Probe  
  63  5:43  Probe  
  64  5:51  Phoenix  
  64  5:52  Stalker x2  
  66  6:00  Probe x2  
  67  6:09  Pylon  
  67  6:11  Gateway  
  67  6:13  Gateway  
  67  6:14  Probe  
  67  6:16  Probe  
  69  6:26  Probe  
  69  6:28  Probe  
  69  6:29  Assimilator  
  71  6:38  Stalker x2  
  75  6:40  Stalker  
  75  6:42  Probe  
  75  6:43  Probe  
  75  6:46  Shield Battery  
  79  6:49  Shield Battery  
  79  6:55  Probe x2  
  79  6:57  Pylon  
  81  7:19  Stalker x5  
  91  7:26  Pylon x2  
  87  7:47  Stalker x5  
  65  8:12  Stalker x5  
  75  8:16  Charge (Chrono Boost)  
  75  8:22  Pylon  
  69  8:46  Stalker x2  
  72  8:53  Probe x2  
  60  8:59  Zealot x3  
  66  9:04  Assimilator, Observer  
  66  9:08  Robotics Bay  
  64  9:10  Shield Battery  
  64  9:15  Immortal (Chrono Boost)  
  64  9:16  Stalker  
  66  9:21  Zealot  
  66  9:22  Zealot x2  
  77  9:31  Probe x2  
  76  9:39  Zealot x2  
  76  9:43  Zealot  
  76  9:44  Zealot  
  76  9:49  Zealot  
Show
View Real Time Build Order
Export as new Build Order

Nice Protoss - Winner!

Build Orders: Oracle Opening, Archon Immortal 

Get SALT Encoding   

  12  0:00  Probe  
  13  0:12  Probe  
  14  0:18  Pylon  
  14  0:24  Probe (Chrono Boost)  
  15  0:38  Gateway, Probe (Chrono Boost)  
  16  0:43  Probe (Chrono Boost)  
  16  0:46  Assimilator  
  17  0:51  Assimilator  
  17  0:54  Probe  
  18  1:06  Probe (Chrono Boost)  
  18  1:09  Gateway  
  19  1:15  Probe (Chrono Boost)  
  20  1:20  Probe (Chrono Boost)  
  21  1:26  Cybernetics Core  
  21  1:32  Probe  
  21  1:36  Pylon  
  22  1:45  Probe  
  23  1:57  Probe  
  23  2:00  Warp Gate (Chrono Boost)  
  24  2:03  Stalker x2  
  28  2:15  Pylon  
  28  2:19  Shield Battery  
  28  2:29  Pylon  
  28  2:33  Stalker  
  28  2:35  Stalker  
  31  2:48  Stargate  
  32  2:51  Probe  
  32  2:57  Shield Battery  
  32  3:20  Nexus  
  32  3:28  Oracle (Chrono Boost)  
  32  3:34  Pylon  
  35  3:39  Shield Battery  
  35  3:52  Shield Battery  
  35  3:54  Stalker  
  37  3:56  Void Ray (Chrono Boost)  
  37  4:01  Shield Battery  
  41  4:10  Shield Battery  
  41  4:19  Sentry  
  41  4:20  Stalker  
  45  4:26  Probe  
  46  4:39  Probe  
  46  4:40  Probe  
  49  4:53  Robotics Facility, Probe (Chrono Boost)  
  49  4:55  Probe (Chrono Boost)  
  50  5:03  Probe (Chrono Boost)  
  50  5:06  Probe (Chrono Boost)  
  52  5:08  Probe (Chrono Boost), Adept x2  
  57  5:15  Probe  
  57  5:17  Pylon  
  57  5:20  Probe  
  59  5:27  Pylon, Probe  
  60  5:32  Probe  
  61  5:40  Probe  
  62  5:44  Probe  
  62  5:45  Immortal (Chrono Boost)  
  67  5:52  Probe  
  67  5:56  Probe  
  69  6:02  Twilight Council  
  69  6:04  Probe, Assimilator  
  66  6:05  Assimilator  
  66  6:12  Gateway  
  66  6:15  Observer (Chrono Boost)  
  66  6:16  Pylon  
  67  6:19  Shield Battery  
  67  6:23  Probe x2  
  69  6:30  Pylon  
  69  6:34  Immortal (Chrono Boost)  
  69  6:35  Probe  
  69  6:37  Charge (Chrono Boost), Observer  
  74  6:47  Templar Archives  
  74  6:48  Gateway  
  74  6:56  Gateway x2  
  74  7:03  Immortal (Chrono Boost)  
  78  7:27  High Templar x2  
  78  7:28  Zealot  
  84  7:30  Shield Battery  
  84  7:31  Pylon  
  84  7:32  Warp Prism (Chrono Boost), Archon  
  78  7:52  Zealot  
  78  7:53  Zealot x3  
  80  8:01  Immortal  
  80  8:02  Zealot x2  
  86  8:13  High Templar x2, Zealot x2  
  86  8:17  Archon  
  94  8:20  Pylon  
  94  8:32  Zealot x2  
  90  8:37  Immortal (Chrono Boost)  
  92  8:49  Observer  
  92  8:51  Zealot x4  
  89  9:06  Immortal (Chrono Boost)  
  89  9:07  Zealot x2  
  97  9:19  High Templar x4  
  97  9:23  Archon x2  
  105  9:28  Pylon  
  105  9:30  Zealot  
  105  9:31  Zealot  
  103  9:51  Zealot x5  

Tags
 
Add a new tag
Caveats
  • Supply blocks, unpowered buildings, or Contaminate may cause inaccurate times.
  • Supply counts are checked every 10 seconds.